 Dungeon Crawl Stone Soup version 0.21.0 (webtiles) character file.

52 Ghouzt the Skirmisher (level 3, -1/29 HPs)
             Began as a Demonspawn Berserker on Jan 8, 2018.
             Was a Follower of Sif Muna.
             Slain by a polar bear (12 damage)
             ... created by the rage of Trog
             ... on level 3 of the Dungeon.
             The game lasted 00:04:09 (1729 turns).

Ghouzt the Skirmisher (Demonspawn Berserker)        Turns: 1729, Time: 00:04:09

Health: -1/29      AC:  8    Str: 18    XL:     3   Next: 60%
Magic:  3/3        EV: 12    Int:  8    God:    Sif Muna [*.....]
Gold:   108        SH:  0    Dex: 12    Spells: 2/2 levels left

rFire    . . .     SeeInvis .   a - +0 hand axe
rCold    . . .     Gourm    .   (no shield)
rNeg     . . .     Faith    .   b - +0 animal skin
rPois    .         Spirit   .   d - +0 helmet
rElec    .         Reflect  .   (no cloak)
rCorr    .         Harm     .   i - +2 pair of gloves
MR       .....                  (no boots)
Stlth    +.........             (no amulet)
HPRegen  0.09/turn              (no ring)
MPRegen  0.08/turn              (no ring)

@: divine energy
A: molten scales 1, powered by death 1
a: Stop Divine Energy, Renounce Religion


You were on level 3 of the Dungeon.
You worshipped Sif Muna.
Sif Muna was aware of your devotion.
You were not hungry.

You visited 1 branch of the dungeon, and saw 3 of its levels.

You collected 108 gold pieces.

Inventory:

Hand Weapons
 a - a +0 hand axe (weapon)
Armour
 b - a +0 animal skin (worn)
 d - a +0 helmet (worn)
 i - a +2 pair of gloves (worn)
Scrolls
 f - 3 scrolls of identify {unknown}
 j - a scroll of enchant weapon {unknown}
 m - 2 scrolls of immolation {unknown}
 n - a scroll of blinking {unknown}
 o - a scroll of teleportation {unknown}
Potions
 e - 2 potions of degeneration {unknown}
 g - 2 potions of curing {unknown}
 k - 2 potions of haste {unknown}
 l - 2 potions of heal wounds {unknown}
Comestibles
 c - 5 rations


   Skills:
 + Level 3.6 Fighting
 + Level 3.5 Axes
 + Level 1.9 Armour
 + Level 2.1 Dodging


You had 2 spell levels left.
You didn't know any spells.

Dungeon Overview and Level Annotations

Branches:
Dungeon (3/15)

Altars:
Sif Muna
Xom


Innate Abilities, Weirdness & Mutations

You are partially covered in molten scales. (AC +2)
You regenerate a little health from kills.


Message History

Things that are here:
a stone; a bat skeleton Eating a chunk of flesh.
You eat the chunk of flesh.
This raw flesh tastes terrible.
Things that are here:
a dagger; 3 stones; a kobold corpse
Found a robe.
Found a stone staircase leading down.
Trog sends monsters to punish you. 2 polar bears and 2 black bears come into view.
Sif Muna will now grant you divine energy when your reserves of magic are depleted.
You will briefly lose access to your magic after casting a spell in this manner.
You closely miss the polar bear. You barely miss the black bear.
You hit the polar bear but do no damage.
You barely miss the black bear. The polar bear bites you!!
Ouch! That really hurt!
The polar bear claws you but does no damage.
The polar bear misses you.
You hit the polar bear but do no damage. x2
The polar bear bites you!
You die...

############.##.
#.hh@...........
#.###h##.###....
#.# #h##.# .
#.###.##.#
#[#...##.#
#>#.####.# #.#.#
#.# #.#.####.#
#........#


You could see 2 polar bears and 2 black bears.

Vanquished Creatures
  An adder (D:2)
  A worm (D:2)
  A dart slug (D:1)
  2 giant cockroaches
  4 goblins
  6 hobgoblins
  3 jackals (D:1)
  A quokka (D:2)
  6 bats
  A frilled lizard (D:1)
  5 kobolds
  4 rats
35 creatures vanquished.

Notes
Turn   | Place    | Note
-------+----------+-------------------------------------------
     0 | D:1      | Ghouzt the Demonspawn Berserker began the quest for the Orb.
     0 | D:1      | Reached XP level 1. HP: 18/18 MP: 1/1
   326 | D:1      | Gained mutation: You are partially covered in molten scales. (AC +2) [demonic ancestry]
   326 | D:1      | Reached XP level 2. HP: 21/24 MP: 2/2
   639 | D:1      | You fall through a shaft!
   780 | D:2      | Gained mutation: You regenerate a little health from kills. [demonic ancestry]
   780 | D:2      | Reached XP level 3. HP: 29/29 MP: 3/3
   795 | D:2      | Found a shimmering altar of Xom.
   850 | D:2      | Reached ** piety under Trog
  1193 | D:2      | Found a faded altar of an unknown god.
  1212 | D:2      | Fell from the grace of Trog
  1212 | D:2      | Became a worshipper of Sif Muna the Loreminder
  1212 | D:2      | Reached * piety under Sif Muna
  1727 | D:3      | Noticed a polar bear
  1727 | D:3      | Noticed a black bear
  1727 | D:3      | Noticed a black bear
  1727 | D:3      | Noticed a polar bear
  1729 | D:3      | Slain by a polar bear

Skill      XL: |  1  2  3 |
---------------+----------+-----
Axes           | 3 |  3.5
Dodging        | 2 |  2.1
Fighting       | |  3.6
Armour         | |  1.9

Action                   || total
-------------------------++-------
Melee: Hand axe          ||   120
Invok: Divine Energy     ||     1
  Eat: Chunk             ||     3
Armor: Animal skin       ||    56
Dodge: Dodged            ||    91
